 Dungeon Crawl Stone Soup version 0.16.1-11-g651b585 (webtiles) character file.

91 karlm the Charmwright (level 4, -1/30 HPs)
             Began as a High Elf Skald on Apr 5, 2015.
             Slain by a jackal (3 damage)
             ... on level 3 of the Dungeon.
             The game lasted 00:06:17 (3313 turns).

karlm the Charmwright (High Elf Skald)              Turns: 3313, Time: 00:06:18

Health: -1/30      AC:  3    Str: 12    XL:     4   Next: 33%
Magic:  10/12      EV: 12    Int: 15    God:
Gold:   182        SH:  0    Dex: 15    Spells: 2 memorised, 6 levels left

rFire  . . .     SeeInvis .     a - +0 falchion
rCold  . . .     Clarity  .     b - +0 leather armour
rNeg   . . .     SustAb   .     (no shield)
rPois  .         Gourm    .     (no helmet)
rElec  .         Spirit   .     (no cloak)
rCorr  .         Warding  .     (no gloves)
rMut   .         Stasis   .     (no boots)
MR     .....                    (no amulet)
Stlth  +.........               (no ring)
                                (no ring)

@: infused, not resistant to hostile enchantments, very unstealthy
A: no striking features
a: no special abilities


You were on level 3 of the Dungeon.
You were not hungry.

You visited 1 branch of the dungeon, and saw 3 of its levels.

You collected 182 gold pieces.

Inventory:

Hand weapons
 a - a +0 falchion (weapon)
Missiles
 h - 20 arrows
 k - 110 stones (quivered)
 m - 34 sling bullets
Armour
 b - a +0 leather armour (worn)
 g - a cursed +0 robe
Jewellery
 s - an uncursed ring of fire
Scrolls
 l - 3 scrolls of identify {unknown}
 o - 3 scrolls of fog {unknown}
 p - a scroll of magic mapping {unknown}
 q - a scroll of random uselessness {unknown}
 r - a scroll of enchant weapon {unknown}
 t - a scroll of enchant armour {unknown}
Potions
 e - a potion of decay {unknown}
 f - 2 potions of cancellation {unknown}
 i - a potion of agility {unknown}
 n - a potion of curing {unknown}
Books
 c - a book of Battle

   Spells                             Type                      Level
   a - Infusion                       Charms                       1
   b - Shroud of Golubria             Charms/Translocation         2
   c - Song of Slaying                Charms                       2
   d - Spectral Weapon                Hexes/Charms                 3
   e - Regeneration                   Charms/Necromancy            3
Comestibles
 d - 2 bread rations
 j - a meat ration
 u - 3 chunks of flesh


   Skills:
 * Level 2.5 Fighting
 * Level 3.5 Long Blades
 + Level 1.1 Armour
 + Level 2.3 Dodging
 + Level 3.1 Spellcasting
 + Level 4.0 Charms


You had 6 spell levels left.
You knew the following spells:

 Your Spells              Type           Power        Failure   Level  Hunger
a - Infusion              Chrm           ##....       6%          1    #......
b - Shroud of Golubria    Chrm/Tloc      #.........   21%         2    ##.....


Dungeon Overview and Level Annotations

Branches:
Dungeon (3/15)

Altars:


Message History

The giant newt bites you but does no damage.
The jackal barely misses you. The orc hits you with a club.
* * * LOW HITPOINT WARNING * * *
You hit the orc.
You kill the orc!
The jackal closely misses you.
The giant newt bites you but does no damage.
The jackal splashes around in the water.
The giant newt bites you.
* * * LOW HITPOINT WARNING * * *
You hit the jackal.
The jackal is almost dead.
The jackal splashes around in the water.
The giant newt bites you.
* * * LOW HITPOINT WARNING * * *
The jackal barely misses you.
You closely miss the jackal.
The jackal is almost dead.
The jackal bites you.
You die...

## ... ##. ..# #.
..#..##...
##.........
##...........
...##....####....
..(.......P......
#....###)≈≈≈≈≈≈≈≈
... #@h≈≈≈≈≈≈≈ #
#.l≈#####≈ #.≈≈#
.# ..≈≈# .#≈≈# ##
≈≈≈ ≈≈≈. ≈≈≈. ≈


You could see a jackal and a giant newt.

Vanquished Creatures
  2 adders (D:2)
  4 worms (D:2)
  A giant gecko (D:2)
  An ooze (D:2)
  3 orcs
  4 giant cockroaches
  4 goblins (D:1)
  7 hobgoblins
  4 kobolds
  A quokka (D:2)
  7 bats
  2 giant newts
  5 rats
45 creatures vanquished.

Notes
Turn   | Place    | Note
--------------------------------------------------------------
     0 | D:1      | karlm, the High Elf Skald, began the quest for the Orb.
     0 | D:1      | Reached XP level 1. HP: 14/14 MP: 4/4
   624 | D:1      | Reached XP level 2. HP: 19/19 MP: 1/6
  1316 | D:1      | Reached skill level 1 in Armour
  1559 | D:2      | Learned a level 2 spell: Shroud of Golubria
  1629 | D:2      | Reached XP level 3. HP: 17/25 MP: 2/8
  2270 | D:2      | Reached skill level 4 in Charms
  2796 | D:2      | Reached XP level 4. HP: 26/30 MP: 6/12
  3313 | D:3      | Slain by a jackal

Action                   |  1- 3 |  4- 6 || total
-------------------------+-------+-------++-------
Melee: Falchion          |   114 |    41 ||   155
 Cast: Infusion          |    22 |     5 ||    27
  Use: Scroll            |     1 |       ||     1
  Eat: Chunk             |     5 |     3 ||     8
